 Dungeon Crawl Stone Soup version 0.30.0-13-g156ef70053 (webtiles) character file.

Game seed: 12148153824666001408

378 booth the Conjurer (level 6, 0/47 HPs)
             Began as a Demonspawn Reaver on May 17, 2023.
             Succumbed to a scorpion's poison
             ... on level 4 of the Dungeon on May 18, 2023.
             The game lasted 00:25:38 (3289 turns).

booth the Conjurer (Demonspawn Reaver)              Turns: 3289, Time: 00:25:39

Health: 0/47       AC:  5    Str: 14    XL:     6   Next: 45%
Magic:  8/10       EV: 12    Int: 14    God:
Gold:   299        SH:  0    Dex: 16    Spells: 4/11 levels left

rFire   . . .        a - +0 hand axe
rCold   . . .        (no shield)
rNeg    . . .        b - +1 leather armour
rPois   .            s - +0 helmet
rElec   .            (no cloak)
rCorr   .            (no gloves)
SInv    .            (no boots)
Will    .....        (no amulet)
Stlth   +++          (no ring)
HPRegen 0.27/turn    (no ring)
MPRegen 0.12/turn

%: no passive effects
@: lethally poisoned (0 -> -15)
A: thin skeletal structure 2, powered by pain 2
a: no special abilities


You were on level 4 of the Dungeon.
You visited 1 branch of the dungeon, and saw 4 of its levels.

You collected 299 gold pieces.

Inventory:

Hand Weapons
 a - a +0 hand axe (weapon)
 n - the +8 autumn katana {manifold assault}
   (You found it on level 4 of the Dungeon)
Missiles
 g - 3 poisoned darts
 h - 6 atropa-tipped darts (quivered)
Armour
 b - a +1 leather armour (worn)
 s - a +0 helmet (worn)
Jewellery
 q - an amulet of faith
Scrolls
 f - 2 scrolls of fog
 i - a scroll of immolation
 j - 3 scrolls of poison {unknown}
 m - a scroll of enchant weapon {unknown}
 p - a scroll of brand weapon {unknown}
 r - a scroll of amnesia {unknown}
Potions
 c - 2 potions of curing
 d - 2 potions of haste
 e - 2 potions of heal wounds
 k - a potion of magic
 l - a potion of might {unknown}
 o - a potion of attraction {unknown}


   Skills:
 + Level 3.4 Fighting
 + Level 3.7 Axes
 + Level 3.1 Dodging
 + Level 3.2 Spellcasting
 + Level 4.1 Conjurations
 + Level 0.6 Necromancy
 + Level 0.4 Translocations


You had 4 spell levels left.
You knew the following spells:

 Your Spells              Type           Power      Damage    Failure   Level
a - Kiss of Death         Conj/Necr      32%        2d7       10%         1
b - Momentum Strike       Conj/Tloc      16%        3d8       16%         2
c - Hailstorm             Conj/Ice       8%         3d4       34%         3
d - Shock                 Conj/Air       32%        1d5       12%         1

Your spell library contained the following spells:

 Spells                   Type           Power      Damage    Failure   Level
 Slow                     Hex            8%         N/A       26%         1
 Sublimation of Blood     Necr           4%         N/A       30%         2
 Wereblood                Tmut           2%         N/A       38%         2
 Vampiric Draining        Necr           4%         2d6       52%         3
 Confusing Touch          Hex            2%         N/A       63%         3
 Swiftness                Air            2%         N/A       63%         3
 Airstrike                Air            1%         2d(1-17)  95%         4
 Summon Hydra             Summ           1%         N/A       100%        7


Dungeon Overview and Level Annotations

Branches:
Dungeon (4/15)
 Temple: D:4-7

Altars:


Innate Abilities, Weirdness & Mutations

You have a moderately thin skeletal structure. (Dex +4, Stealth++)
You sometimes gain power by taking damage.


Message History

The scorpion stings you but does no damage.
You hit the scorpion but do no damage.
The scorpion is severely wounded.
The scorpion closely misses you. x2
You closely miss the scorpion.
The scorpion is severely wounded.
The scorpion barely misses you.
You barely miss the scorpion.
The scorpion is severely wounded.
The scorpion stings you.
* * * LOW HITPOINT WARNING * * *
You are lethally poisoned!
The scorpion poisons you!
Casting: Momentum Strike (safe; 16% risk of failure)
Confirm with . or Enter, or press ? or * to list all spells.
Aiming: Kiss of Death (safe; 10% risk of failure)
Press: ? - help, Shift-Dir - straight line, f - scorpion
Aim: a scorpion (severely wounded, 100% to hit)
Okay, then.
Casting: Kiss of Death (safe; 10% risk of failure)
Confirm with . or Enter, or press ? or * to list all spells.
Aiming: Shock (safe; 12% risk of failure)
Press: ? - help, Shift-Dir - straight line, f - scorpion
Aim: a scorpion (severely wounded, 68% to hit)
The zap hits the scorpion but does no damage.
The scorpion is severely wounded.
* * * LOW HITPOINT WARNING * * *
You feel very sick. The scorpion stings you.
* * * LOW HITPOINT WARNING * * *
You are more poisoned.
The scorpion poisons you!
Casting: Shock (safe; 12% risk of failure)
Confirm with . or Enter, or press ? or * to list all spells.
Aiming: Shock (safe; 12% risk of failure)
Press: ? - help, Shift-Dir - straight line, f/p - scorpion
Aim: a scorpion (severely wounded, 68% to hit)
The zap hits the scorpion.
The scorpion is almost dead.
You die...

#######
#.....#
#.....#######
#....@s......
#.....#######
#.....#
####'## # #.#
# #.# ..S #.#
#### #.# #.#
....> .. #.#
...$. #


You could see a scorpion.

Vanquished Creatures
  Sigmund (D:2)
  A scorpion (D:4)
  A jelly (D:4)
  Jessica (D:3)
  5 adders
  A shadow imp (D:3)
  2 worms (D:2)
  A dart slug (D:3)
  An orc (D:4)
  4 ball pythons
  2 endoplasms
  4 giant cockroaches
  4 goblins
  6 hobgoblins
  5 jackals
  3 quokkas
  A bat (D:1)
  A frilled lizard (D:2)
  4 kobolds
  A rat (D:1)
49 creatures vanquished.

Notes
Turn   | Place    | Note
-------+----------+-------------------------------------------
     0 | D:1      | booth the Demonspawn Reaver began the quest for the Orb.
     0 | D:1      | Reached XP level 1. HP: 16/16 MP: 3/3
   582 | D:2      | Gained mutation: You have a somewhat thin skeletal
                  | structure. (Dex +2, Stealth+) [demonic ancestry]
   582 | D:2      | Reached XP level 2. HP: 18/22 MP: 5/5
   585 | D:2      | Learned a level 2 spell: Momentum Strike
   718 | D:2      | Gained mutation: You sometimes gain a little power by
                  | taking damage. [demonic ancestry]
   718 | D:2      | Reached XP level 3. HP: 4/27 MP: 2/6
  1123 | D:2      | Noticed Sigmund
  1368 | D:2      | Learned a level 3 spell: Hailstorm
  1561 | D:2      | HP: 1/28 [something (5)]
  1568 | D:2      | Killed Sigmund
  1569 | D:2      | Gained mutation: You sometimes gain power by taking damage.
                  | [demonic ancestry]
  1569 | D:2      | Reached XP level 4. HP: 9/35 MP: 5/8
  1569 | D:2      | Reached XP level 5. HP: 11/41 MP: 5/9
  2079 | D:3      | Noticed Jessica
  2082 | D:3      | Killed Jessica
  2149 | D:3      | Gained mutation: You have a moderately thin skeletal
                  | structure. (Dex +4, Stealth++) [demonic ancestry]
  2149 | D:3      | Reached XP level 6. HP: 30/47 MP: 10/10
  2252 | D:3      | Found a faded altar of an unknown god.
  2307 | D:3      | Reached skill level 4 in Conjurations
  2709 | D:4      | Found the +8 autumn katana {manifold assault}
  3112 | D:4      | Learned a level 1 spell: Shock
  3288 | D:4      | HP: 2/47 [scorpion (4)]
  3289 | D:4      | Succumbed to a scorpion's poison

Illustrated notes

Levels and vault maps discovered:
D:1:      eino_arrival_water_star, layout_rooms, serial_corexii_hall,
          corexii_hall_statues_l, corexii_hall_statues_x
D:2:      layout_loops_ring, minmay_gold_behind_fungi, uniq_sigmund
D:3:      layout_rooms, hellmonk_ecumenical_altar_arch_garden,
          nicolae_underground_beach, uniq_jessica
D:4:      layout_basic

Skill      XL: |  1  2  3  4  5  6 |
---------------+-------------------+-----
Dodging        | 2 3 |  3.1
Axes           | 3 |  3.7
Fighting       | 3 |  3.4
Spellcasting   | 3 |  3.2
Conjurations   | 4 |  4.1
Necromancy     | |  0.6
Translocations | |  0.4

Action                     |  1- 3 |  4- 6 || total
---------------------------+-------+-------++-------
  Melee: Hand axe          |   122 |   142 ||   264
         Punch             |     2 |     1 ||     3
  Throw: Dart              |     9 |     1 ||    10
   Cast: Momentum Strike   |     3 |     1 ||     4
         Kiss of Death     |     2 |       ||     2
         Shock             |       |     2 ||     2
    Use: Scroll            |     5 |     2 ||     7
         Potion            |     2 |       ||     2
   Stab: Sleeping          |       |     1 ||     1
 Armour: Leather armour    |    29 |    33 ||    62
  Dodge: Dodged            |    80 |   102 ||   182
